MLB
TEXAS RANGERS @ SAN FRANCISCO GIANTS
07/18/2047
 
TOP OF THE 1ST
Texas Rangers batting - Pitching for San Francisco Giants : RHP Ricky Rodriguez
Pitching: RHP Ricky Rodriguez
Batting: SHB Vince Ealy 0-0: Ball
1-0: Foul Ball, location: 2F
1-1: Ball
2-1: SOLO HOME RUN (Flyball, 7D, EV 99.4 MPH), Distance : 383 ft
Batting: SHB John Giesbrecht 0-0: Called Strike
0-1: Called Strike
0-2: Strikes out swinging
Batting: LHB Andy Bowman 0-0: Foul Ball, location: 2F
0-1: Ball
1-1: Swinging Strike
1-2: Fly out, F7 (Flyball, 7LS, EV 91.9 MPH)
Batting: RHB Butch Kaiser 0-0: Ball
1-0: DOUBLE (Line Drive, 9LM, EV 112.5 MPH)
Batting: LHB Sean Geisler 0-0: Called Strike
0-1: Ball
1-1: Called Strike
1-2: Foul Ball, location: 2F
1-2: SINGLE (Groundball, 34S, EV 73.1 MPH) (infield hit)
Butch Kaiser to third
Batting: SHB Jun Tsuda 0-0: Ball
1-0: Swinging Strike
1-1: Ball
2-1: Ball
3-1: Base on Balls
Sean Geisler to second
Batting: LHB Cody Schumacher 0-0: Ball
1-0: Foul Ball, location: 2F
1-1: Ball
2-1: Foul Ball, location: 2F
2-2: Foul Ball, location: 2F
2-2: Ground out 4-3 (Groundball, 34, EV 104.4 MPH)
Top of the 1st over - 1 run, 3 hits, 0 errors, 3 left on base; Texas 1 - San Francisco 0
BOTTOM OF THE 1ST
San Francisco Giants batting - Pitching for Texas Rangers : RHP Pimbly Nimblebottom
Pitching: RHP Pimbly Nimblebottom
Batting: RHB Nick Rigden 0-0: Ball
1-0: Ground out 5-3 (Groundball, 56, EV 78.8 MPH)
Batting: RHB Bill Defazio 0-0: Called Strike
0-1: Foul Ball, location: 2F
0-2: Ball
1-2: Strikes out swinging
Batting: RHB Sean Zielinski 0-0: Ball
1-0: Called Strike
1-1: Ball
2-1: Ground out 5-3 (Groundball, 5, EV 86.9 MPH)
Bottom of the 1st over - 0 runs, 0 hits, 0 errors, 0 left on base; Texas 1 - San Francisco 0
TOP OF THE 2ND
Texas Rangers batting - Pitching for San Francisco Giants : RHP Ricky Rodriguez
Batting: RHB Ray Llewellyn 0-0: Ground out 6-3 (Groundball, 6, EV 86.9 MPH)
Batting: RHB Rodolfo Contreras 0-0: Called Strike
0-1: Fly out, F9 (Flyball, 9, EV 88.8 MPH)
Batting: SHB Vince Ealy 0-0: Ball
1-0: Ground out 6-3 (Groundball, 6M, EV 93.8 MPH)
Top of the 2nd over - 0 runs, 0 hits, 0 errors, 0 left on base; Texas 1 - San Francisco 0
BOTTOM OF THE 2ND
San Francisco Giants batting - Pitching for Texas Rangers : RHP Pimbly Nimblebottom
Batting: LHB Jack Henningar 0-0: Swinging Strike
0-1: Fly out, F2 (Popup, 25F, EV 81.2 MPH)
Batting: RHB Kevin Howard 0-0: Ball
1-0: Ground out 1-3 (Groundball, 13S, EV 70.0 MPH)
Batting: LHB Tom Best 0-0: Swinging Strike
0-1: Foul Ball, location: 2F
0-2: Strikes out swinging
Bottom of the 2nd over - 0 runs, 0 hits, 0 errors, 0 left on base; Texas 1 - San Francisco 0
TOP OF THE 3RD
Texas Rangers batting - Pitching for San Francisco Giants : RHP Ricky Rodriguez
Batting: SHB John Giesbrecht 0-0: Fly out, F3 (Line Drive, 3L, EV 68.8 MPH)
Batting: LHB Andy Bowman 0-0: Ground out 4-3 (Groundball, 4S, EV 89.4 MPH)
Batting: RHB Butch Kaiser 0-0: SOLO HOME RUN (Flyball, 9LD, EV 93.8 MPH), Distance : 349 ft
Batting: LHB Sean Geisler 0-0: Foul Ball, location: 2F
0-1: SINGLE (Line Drive, 34D, EV 102.5 MPH)
Batting: SHB Jun Tsuda 0-0: Foul Ball, location: 2F
0-1: Ball
1-1: Ground out 4-3 (Groundball, 4, EV 104.4 MPH)
Top of the 3rd over - 1 run, 2 hits, 0 errors, 1 left on base; Texas 2 - San Francisco 0
BOTTOM OF THE 3RD
San Francisco Giants batting - Pitching for Texas Rangers : RHP Pimbly Nimblebottom
Batting: SHB Bill Dooms 0-0: Called Strike
0-1: Foul Ball, location: 2F
0-2: Ball
1-2: Foul Ball, location: 2F
1-2: Strikes out swinging
Batting: LHB John Blair 0-0: Swinging Strike
0-1: Ground out 6-3 (Groundball, 6, EV 105.0 MPH)
Batting: LHB Ryan Braden 0-0: Called Strike
0-1: Called Strike
0-2: Foul Ball, location: 2F
0-2: Foul Ball, location: 2F
0-2: Fly out, F4 (Flyball, 34D, EV 88.1 MPH)
Bottom of the 3rd over - 0 runs, 0 hits, 0 errors, 0 left on base; Texas 2 - San Francisco 0
TOP OF THE 4TH
Texas Rangers batting - Pitching for San Francisco Giants : RHP Ricky Rodriguez
Batting: LHB Cody Schumacher 0-0: Ball
1-0: Ball
2-0: Ball
3-0: Base on Balls
Batting: RHB Ray Llewellyn 0-0: DOUBLE (Flyball, 8LXD, EV 101.9 MPH)
Cody Schumacher to third
Batting: RHB Rodolfo Contreras 0-0: Called Strike
0-1: Ball
1-1: Ground out 5-3 (Groundball, 56, EV 108.8 MPH)
Cody Schumacher scores
Batting: SHB Vince Ealy 0-0: Called Strike
0-1: Ball
1-1: Swinging Strike
1-2: Ball
2-2: Foul Ball, location: 2F
2-2: Foul Ball, location: 2F
2-2: Strikes out looking
Batting: SHB John Giesbrecht 0-0: Ball
1-0: Ball
2-0: Foul Ball, location: 2F
2-1: Called Strike
2-2: Fly out, F9 (Flyball, 9, EV 77.5 MPH)
Top of the 4th over - 1 run, 1 hit, 0 errors, 1 left on base; Texas 3 - San Francisco 0
BOTTOM OF THE 4TH
San Francisco Giants batting - Pitching for Texas Rangers : RHP Pimbly Nimblebottom
Batting: RHB Nick Rigden 0-0: Ball
1-0: Ball
2-0: Ground out 6-3 (Groundball, 6, EV 101.9 MPH)
Batting: RHB Bill Defazio 0-0: Ball
1-0: Ball
2-0: Ball
3-0: Base on Balls
Batting: RHB Sean Zielinski 0-0: Ball
1-0: Called Strike
1-1: Foul Ball, location: 2F
1-2: Foul Ball, location: 2F
1-2: Ball
2-2: Ball
3-2: Ground out 5-3 (Groundball, 5, EV 91.2 MPH)
Bill Defazio to second
Batting: LHB Jack Henningar 0-0: Called Strike
0-1: Foul Ball, location: 2F
0-2: Foul Ball, location: 2F
0-2: Fly out, F9 (Flyball, 89M, EV 76.9 MPH)
Bottom of the 4th over - 0 runs, 0 hits, 0 errors, 1 left on base; Texas 3 - San Francisco 0
TOP OF THE 5TH
Texas Rangers batting - Pitching for San Francisco Giants : RHP Ricky Rodriguez
Batting: LHB Andy Bowman 0-0: Ball
1-0: Swinging Strike
1-1: Ball
2-1: Ground out 6-3 (Groundball, 4M, EV 101.9 MPH)
Batting: RHB Butch Kaiser 0-0: Ball
1-0: Ground out 4-3 (Groundball, 4, EV 84.4 MPH)
Batting: LHB Sean Geisler 0-0: Foul Ball, location: 2F
0-1: Called Strike
0-2: TRIPLE (Line Drive, 89XD, EV 112.5 MPH)
Batting: SHB Jun Tsuda 0-0: Called Strike
0-1: Called Strike
0-2: Ball
1-2: Foul Ball, location: 2F
1-2: Ball
2-2: Foul Ball, location: 2F
2-2: Ground out 4-3 (Groundball, 4, EV 90.0 MPH)
Top of the 5th over - 0 runs, 1 hit, 0 errors, 1 left on base; Texas 3 - San Francisco 0
BOTTOM OF THE 5TH
San Francisco Giants batting - Pitching for Texas Rangers : RHP Pimbly Nimblebottom
Batting: RHB Kevin Howard 0-0: Ball
1-0: Ball
2-0: Swinging Strike
2-1: Ground out 4-3 (Groundball, 4, EV 108.8 MPH)
Batting: LHB Tom Best 0-0: Ball
1-0: Swinging Strike
1-1: Ball
2-1: Foul Ball, location: 2F
2-2: Foul Ball, location: 2F
2-2: Ball
3-2: Base on Balls
Batting: SHB Bill Dooms 0-0: Ball
1-0: Called Strike
1-1: Foul Ball, location: 2F
1-2: Foul Ball, location: 2F
1-2: Ball
2-2: Ball
3-2: Fly out, F7 (Flyball, 7D, EV 106.9 MPH)
Batting: LHB John Blair 0-0: Ball
Wild Pitch!
Tom Best to second
1-0: Ball
2-0: Ball
3-0: Called Strike
3-1: Swinging Strike
3-2: Foul Ball, location: 2F
3-2: Base on Balls
Batting: LHB Ryan Braden 0-0: Swinging Strike
0-1: Ground out 4-3 (Groundball, 4MD, EV 80.0 MPH)
Bottom of the 5th over - 0 runs, 0 hits, 0 errors, 2 left on base; Texas 3 - San Francisco 0
TOP OF THE 6TH
Texas Rangers batting - Pitching for San Francisco Giants : RHP Ricky Rodriguez
Batting: LHB Cody Schumacher 0-0: Swinging Strike
0-1: SOLO HOME RUN (Flyball, 89XD, EV 115.6 MPH), Distance : 436 ft
Batting: RHB Ray Llewellyn 0-0: Ball
1-0: Foul Ball, location: 2F
1-1: Ball
2-1: Fly out, F9 (Flyball, 9, EV 89.4 MPH)
Batting: RHB Rodolfo Contreras 0-0: Fly out, F9 (Flyball, 89S, EV 91.9 MPH)
Batting: SHB Vince Ealy 0-0: Called Strike
0-1: Ground out 4-3 (Groundball, 4, EV 88.8 MPH)
Top of the 6th over - 1 run, 1 hit, 0 errors, 0 left on base; Texas 4 - San Francisco 0
BOTTOM OF THE 6TH
San Francisco Giants batting - Pitching for Texas Rangers : RHP Pimbly Nimblebottom
Batting: RHB Nick Rigden 0-0: Ball
1-0: Fly out, F7 (Line Drive, 78M, EV 86.2 MPH)
Batting: RHB Bill Defazio 0-0: Fly out, F8 (Flyball, 8RM, EV 91.2 MPH)
Batting: RHB Sean Zielinski 0-0: Called Strike
0-1: Ball
1-1: Swinging Strike
1-2: Ball
2-2: SINGLE (Groundball, 56D, EV 104.4 MPH) (infield hit)
Batting: LHB Jack Henningar 0-0: Ball
1-0: Called Strike
Sean Zielinski is caught stealing 2nd base 2-6
Bottom of the 6th over - 0 runs, 1 hit, 0 errors, 0 left on base; Texas 4 - San Francisco 0
TOP OF THE 7TH
Texas Rangers batting - Pitching for San Francisco Giants : RHP Ricky Rodriguez
Batting: SHB John Giesbrecht 0-0: Ball
1-0: Swinging Strike
1-1: Foul Ball, location: 2F
1-2: SINGLE (Groundball, 4MD, EV 102.5 MPH)
Batting: LHB Andy Bowman 0-0: Called Strike
0-1: Called Strike
Pickoff Throw by Catcher to First - Out!
0-2: Foul Ball, location: 2F
0-2: Foul Ball, location: 2F
0-2: Strikes out swinging
Batting: RHB Butch Kaiser 0-0: Called Strike
0-1: Ball
1-1: Ball
2-1: Swinging Strike
2-2: Strikes out looking
Top of the 7th over - 0 runs, 1 hit, 0 errors, 0 left on base; Texas 4 - San Francisco 0
BOTTOM OF THE 7TH
San Francisco Giants batting - Pitching for Texas Rangers : RHP Pimbly Nimblebottom
Batting: LHB Jack Henningar 0-0: SINGLE (Groundball, 3S, EV 73.8 MPH) (infield hit)
Batting: RHB Kevin Howard 0-0: Called Strike
0-1: Ball
1-1: Called Strike
1-2: Ball
2-2: Ball
Pickoff Play to 1st, Runner tries for 2nd, OUT after rundown.
3-2: SINGLE (Groundball, 6D, EV 94.4 MPH)
Batting: LHB Tom Best 0-0: Hit by Pitch
Kevin Howard to second
Pinch Runner at 1st Ryan Doss:
Batting: SHB Bill Dooms 0-0: Foul Ball, location: 2F
0-1: Swinging Strike
0-2: Fly out, F8 (Line Drive, 8RM, EV 90.6 MPH)
Batting: LHB John Blair 0-0: Hit by Pitch
Kevin Howard to third
Ryan Doss to second
Batting: LHB Ryan Braden 0-0: Ball
1-0: Called Strike
1-1: Called Strike
1-2: Fly out, F6 (Popup, 6M, EV 73.8 MPH)
Bottom of the 7th over - 0 runs, 2 hits, 0 errors, 3 left on base; Texas 4 - San Francisco 0
TOP OF THE 8TH
Texas Rangers batting - Pitching for San Francisco Giants : RHP Ricky Rodriguez
Pitching: RHP Alex Montes
Batting: LHB Sean Geisler 0-0: Ball
1-0: Called Strike
1-1: Called Strike
1-2: Hit by Pitch
Batting: SHB Jun Tsuda 0-0: Called Strike
0-1: Bunted foul
0-2: Foul Ball, location: 2F
0-2: Ball
1-2: Foul Ball, location: 2F
1-2: Ball
2-2: Ball
3-2: Base on Balls
Sean Geisler to second
Batting: LHB Cody Schumacher 0-0: Swinging Strike
0-1: Called Strike
0-2: Strikes out looking
Batting: RHB Ray Llewellyn 0-0: Called Strike
0-1: Called Strike
0-2: Grounds into double play, 4-6-3 (Groundball, 4, EV 98.1 MPH)
Top of the 8th over - 0 runs, 0 hits, 0 errors, 1 left on base; Texas 4 - San Francisco 0
BOTTOM OF THE 8TH
San Francisco Giants batting - Pitching for Texas Rangers : RHP Pimbly Nimblebottom
Batting: RHB Nick Rigden 0-0: Ball
1-0: Called Strike
1-1: Ball
2-1: Ball
3-1: Foul Ball, location: 2F
3-2: SINGLE (Line Drive, 56D, EV 108.8 MPH)
Pitching: RHP Mike Webb
Pinch Hitting: LHB Carey Horncole 0-0: Ball
1-0: Ball
2-0: Ball
3-0: Called Strike
Pickoff Throw by Catcher to First - Error! E2
Nick Rigden to second
3-1: Called Strike
3-2: SINGLE (Line Drive, 78S, EV 93.1 MPH)
Nick Rigden to third
Runner from 3rd tries for Home, SAFE, throw by LF to home
Batting: RHB Sean Zielinski 0-0: Called Strike
0-1: Foul Ball, location: 2F
0-2: DOUBLE (Flyball, 8LXD, EV 101.2 MPH)
Carey Horncole to third
Batting: LHB Jack Henningar 0-0: Called Strike
0-1: Ball
1-1: Foul Ball, location: 2F
1-2: Ball
2-2: Foul Ball, location: 2F
2-2: Ball
3-2: Strikes out swinging
Batting: RHB Kevin Howard 0-0: SINGLE (Line Drive, 34, EV 100.0 MPH)
Carey Horncole scores
Sean Zielinski to third
Batting: SHB Ryan Doss 0-0: Ball
1-0: Ground out 6-3 (Groundball, 4, EV 85.6 MPH)
Kevin Howard to second
Batting: SHB Bill Dooms 0-0: Ball
1-0: Called Strike
1-1: Ball
2-1: Foul Ball, location: 2F
2-2: SINGLE (Groundball, 6MS, EV 66.2 MPH) (infield hit)
Sean Zielinski scores
Kevin Howard to third
Batting: LHB John Blair 0-0: Called Strike
0-1: Called Strike
0-2: Ball
Wild Pitch!
Kevin Howard scores
Bill Dooms to second
1-2: Ball
2-2: Foul Ball, location: 2F
2-2: Strikes out swinging
Bottom of the 8th over - 4 runs, 5 hits, 1 error, 1 left on base; Texas 4 - San Francisco 4
TOP OF THE 9TH
Texas Rangers batting - Pitching for San Francisco Giants : RHP Alex Montes
Now at SS: Carey Horncole
Batting: RHB Rodolfo Contreras 0-0: Ground out 6-3 (Groundball, 56, EV 103.1 MPH)
Batting: SHB Vince Ealy 0-0: Ball
1-0: Ball
2-0: Called Strike
2-1: SOLO HOME RUN (Flyball, 9D, EV 103.1 MPH), Distance : 387 ft
Batting: SHB John Giesbrecht 0-0: Foul Ball, location: 2F
0-1: Swinging Strike
0-2: Ball
1-2: Foul Ball, location: 2F
1-2: Strikes out swinging
Batting: LHB Andy Bowman 0-0: Hit by Pitch
Batting: RHB Butch Kaiser 0-0: Called Strike
0-1: Ball
1-1: Fly out, F7 (Line Drive, 78M, EV 106.2 MPH)
Top of the 9th over - 1 run, 1 hit, 0 errors, 1 left on base; Texas 5 - San Francisco 4
BOTTOM OF THE 9TH
San Francisco Giants batting - Pitching for Texas Rangers : RHP Mike Webb
Pitching: RHP Brad Kramer
Batting: LHB Ryan Braden 0-0: Foul Ball, location: 2F
0-1: Foul Ball, location: 2F
0-2: Ball
1-2: Ball
2-2: Foul Ball, location: 2F
2-2: Foul Ball, location: 2F
2-2: Strikes out looking
Batting: RHB Nick Rigden 0-0: Ball
1-0: Ball
2-0: Foul Ball, location: 2F
2-1: Ball
3-1: Ground out 6-3 (Groundball, 6S, EV 90.6 MPH)
Batting: LHB Carey Horncole 0-0: SOLO HOME RUN (Flyball, 7D, EV 105.0 MPH), Distance : 384 ft
Batting: RHB Sean Zielinski 0-0: Called Strike
0-1: Swinging Strike
0-2: Ball
1-2: Foul Ball, location: 2F
1-2: Ground out 6-3 (Groundball, 6M, EV 85.6 MPH)
Bottom of the 9th over - 1 run, 1 hit, 0 errors, 0 left on base; Texas 5 - San Francisco 5
TOP OF THE 10TH
Texas Rangers batting - Pitching for San Francisco Giants : RHP Alex Montes
Pitching: RHP Andrew Kindig
Batting: LHB Sean Geisler 0-0: Called Strike
0-1: Foul Ball, location: 2F
0-2: Strikes out swinging
Batting: SHB Jun Tsuda 0-0: Ball
1-0: Foul Ball, location: 2F
1-1: Fly out, F8 (Flyball, 89M, EV 80.6 MPH)
Batting: LHB Cody Schumacher 0-0: Called Strike
0-1: Foul Ball, location: 2F
0-2: DOUBLE (Line Drive, 9LS, EV 108.8 MPH)
Pinch Hitting: SHB Addick de Vries 0-0: Intentional Walk
Batting: RHB Rodolfo Contreras 0-0: Ground out U3 (Groundball, 3, EV 105.6 MPH)
Top of the 10th over - 0 runs, 1 hit, 0 errors, 2 left on base; Texas 5 - San Francisco 5
BOTTOM OF THE 10TH
San Francisco Giants batting - Pitching for Texas Rangers : RHP Brad Kramer
Now at C: Jun Tsuda
Now at 2B: Addick de Vries
Now at SS: John Giesbrecht
Batting: LHB Jack Henningar 0-0: Ball
1-0: Ground out 4-3 (Groundball, 4S, EV 83.8 MPH)
Batting: RHB Kevin Howard 0-0: Foul Ball, location: 2F
0-1: Ball
1-1: Swinging Strike
1-2: Foul Ball, location: 2F
1-2: Ball
2-2: Strikes out looking
Batting: SHB Ryan Doss 0-0: Called Strike
0-1: Foul Ball, location: 2F
0-2: Ball
1-2: Foul Ball, location: 2F
1-2: Ball
2-2: Ball
3-2: Foul Ball, location: 2F
3-2: Foul Ball, location: 2F
3-2: Base on Balls
Batting: SHB Bill Dooms 0-0: Called Strike
0-1: Called Strike
Ryan Doss is caught stealing 2nd base 2-6
Bottom of the 10th over - 0 runs, 0 hits, 0 errors, 0 left on base; Texas 5 - San Francisco 5
TOP OF THE 11TH
Texas Rangers batting - Pitching for San Francisco Giants : RHP Andrew Kindig
Batting: SHB Vince Ealy 0-0: Swinging Strike
0-1: Ball
1-1: Ball
2-1: SOLO HOME RUN (Flyball, 7D, EV 98.1 MPH), Distance : 373 ft
Batting: SHB John Giesbrecht 0-0: Ball
1-0: Ball
2-0: Called Strike
2-1: Ball
3-1: Swinging Strike
3-2: Strikes out looking
Pitching: LHP Caleb Mullinax
Batting: LHB Andy Bowman 0-0: Swinging Strike
0-1: Ball
1-1: Ball
2-1: Ball
3-1: Swinging Strike
3-2: Base on Balls
Batting: RHB Butch Kaiser 0-0: Called Strike
0-1: Swinging Strike
0-2: Strikes out swinging
Batting: LHB Sean Geisler 0-0: Foul Ball, location: 2F
0-1: SINGLE (Line Drive, 6MD, EV 98.1 MPH)
Andy Bowman to second
Runner from 2nd tries for 3rd, SAFE, throw by CF made to third
Batting: SHB Jun Tsuda 0-0: SINGLE (Groundball, 56, EV 108.8 MPH)
Andy Bowman scores
Sean Geisler to second
Runner from 2nd tries for 3rd, SAFE, throw by LF made to third
Batting: LHB Cody Schumacher 0-0: Called Strike
0-1: Fielders Choice at 2nd, 5-4 (Groundball, 56, EV 90.6 MPH)
Top of the 11th over - 2 runs, 3 hits, 0 errors, 2 left on base; Texas 7 - San Francisco 5
BOTTOM OF THE 11TH
San Francisco Giants batting - Pitching for Texas Rangers : RHP Brad Kramer
Pitching: RHP Mark Lopez
Batting: SHB Bill Dooms 0-0: Ball
1-0: Fly out, F8 (Line Drive, 8RD, EV 93.1 MPH)
Batting: LHB John Blair 0-0: TRIPLE (Flyball, 78XD, EV 111.9 MPH)
Batting: LHB Ryan Braden 0-0: Ground out 6-3 (Groundball, 6, EV 84.4 MPH)
John Blair scores
Batting: RHB Nick Rigden 0-0: Called Strike
0-1: Ball
1-1: SINGLE (Groundball, 6D, EV 104.4 MPH)
Batting: LHB Carey Horncole 0-0: Called Strike
0-1: Fly out, F8 (Flyball, 78M, EV 96.9 MPH)
Bottom of the 11th over - 1 run, 2 hits, 0 errors, 1 left on base; Texas 7 - San Francisco 6
Thursday, December 15th , 2022 - OOTP Baseball 23.9 Build 102